 Dungeon Crawl Stone Soup version 0.30.0-30-g96aa6591b8 (webtiles) character file.

Game seed: 16104636791127381112

44286 Kranky the Fighter (level 13, -16/125 HPs)
             Began as a Minotaur Berserker on June 28, 2023.
             Was an Elder of Trog.
             Demolished by a death yak (20 damage)
             ... on level 5 of the Lair of Beasts.
             The game lasted 00:34:20 (17209 turns).

Kranky the Fighter (Minotaur Berserker)            Turns: 17209, Time: 00:34:21

Health: -16/125    AC: 16    Str: 26    XL:     13   Next: 95%
Magic:  12/12      EV: 12    Int:  8    God:    Trog [****..]
Gold:   1024       SH: 18    Dex: 11    Spells: 12/12 levels left

rFire   + . .        I - +3 spear of the Hidden Vale {heavy, Will+}
rCold   + . .        e - +0 tower shield
rNeg    . . .        a - +3 ring mail {rF+}
rPois   .            d - +0 hat
rElec   +            P - +0 cloak of Plog {Fly rCorr Int+4 SInv}
rCorr   +            F - +2 pair of gloves
SInv    +            (no boots)
Will    +++..        h - amulet of reflection
Stlth   +            v - ring of protection from cold
HPRegen 1.40/turn    O - +4 ring of slaying
MPRegen 0.13/turn

%: reflection, clarity
@: strong-willed, on berserk cooldown, flying, regenerating, slowed, studying
Unarmed Combat, very slow
A: horns 2, retaliatory headbutt, clarity, mutation resistance 1, electricity
resistance, MP-powered wands
a: Renounce Religion, Berserk, Trog's Hand, Brothers in Arms


You were on level 5 of the Lair of Beasts.
You worshipped Trog.
Trog was greatly pleased with you.
You visited 3 branches of the dungeon, and saw 17 of its levels.
You also visited: Sewer and Volcano.

You collected 1280 gold pieces.
You spent 256 gold pieces at shops.

Inventory:

Hand Weapons
 I - the +3 spear of the Hidden Vale (weapon) {heavy, Will+}
   (Trog gifted it to you on level 9 of the Dungeon)

   Will:      It increases your willpower.
Missiles
 T - 2 throwing nets (quivered)
Armour
 a - a +3 ring mail of fire resistance (worn)
 d - a +0 hat (worn)
 e - a +0 tower shield (worn)
 t - a +0 plate armour
 F - a +2 pair of gloves (worn)
 P - the +0 cloak of Plog (worn) {Fly rCorr Int+4 SInv}
   (You bought it in a shop on level 10 of the Dungeon)

   Int:       It affects your intelligence (+4).
   SInv:      It lets you see invisible.
   Fly:       It grants you flight.
   rCorr:     It protects you from acid and corrosion.
Jewellery
 h - an amulet of reflection (around neck)
 v - a ring of protection from cold (left hand)
 O - a +4 ring of slaying (right hand)
 R - a ring of willpower
Wands
 q - a wand of iceblast (11)
 w - a wand of polymorph (36)
 C - a wand of light (17)
 E - a wand of paralysis (21)
 G - a wand of mindburst (3)
 L - a wand of digging (6)
 Q - a wand of flame (4)
Scrolls
 g - a scroll of torment {unknown}
 j - a scroll of amnesia {unknown}
 k - 3 scrolls of blinking {unknown}
 p - 21 scrolls of identify {unknown}
 r - 8 scrolls of teleportation
 x - 2 scrolls of enchant armour {unknown}
 y - 4 scrolls of magic mapping {unknown}
 H - 2 scrolls of poison {unknown}
 K - a scroll of vulnerability {unknown}
 M - 3 scrolls of fog
 N - 2 scrolls of enchant weapon
Potions
 b - 4 potions of flight {unknown}
 c - a potion of resistance {unknown}
 f - 9 potions of curing
 i - a potion of heal wounds
 l - 5 potions of cancellation {unknown}
 m - a potion of berserk rage {unknown}
 n - 5 potions of brilliance {unknown}
 o - 6 potions of mutation
 s - 4 potions of invisibility {unknown}
 u - 3 potions of lignification {unknown}
 z - 6 potions of haste {unknown}
 A - 2 potions of might {unknown}
 D - a potion of magic {unknown}
 J - 2 potions of ambrosia {unknown}
Miscellaneous
 B - a lightning rod (4/4)


   Skills:
 + Level 14.6 Fighting
 + Level 14.6 Polearms
 + Level 14.4 Armour
 - Level 10.0 Dodging
 + Level 5.7 Shields
 + Level 8.0 Evocations


You had 12 spell levels left.
You didn't know any spells.
Your spell library was empty.

Dungeon Overview and Level Annotations

Branches:
Dungeon (11/15)            Temple (0/1) D:4            Lair (5/5) D:11
  Swamp (0/4) Lair:2        Snake (0/4) Lair:3        Slime (1/5) Lair:4
    Orc (0/2) D:11          Sewer (visited)         Volcano (visited)

Altars:
Cheibriados
Dithmenos
Gozag
Nemelex Xobeh
Okawaru
Uskayaw
Wu Jian
The Shining One
Jiyva

Shops:
D:2 (   D:8 [   D:10 [

Portals:
Trove: D:10 (give horn of Geryon)

Annotations:
D:11 2 runed translucent doors, exclusion: obsidian statue
Lair:5 Snorg


Innate Abilities, Weirdness & Mutations

You have a pair of horns on your head.
You reflexively headbutt those who attack you in melee.
You possess an exceptional clarity of mind.
You are somewhat resistant to further mutation.
You are resistant to electric shocks. (rElec)
You expend magic power (3 MP) to strengthen your wands.


Message History

* * * LOW HITPOINT WARNING * * *
You completely miss the death yak.
The death yak is lightly wounded.
You block the blink frog's attack. x2; The death yak gores you!
* * * LOW HITPOINT WARNING * * *
The blink frog hits you but does no damage.
The blink frog hits you.
* * * LOW HITPOINT WARNING * * *
You puncture the death yak! You headbutt the death yak.
The death yak is moderately wounded.
You block the blink frog's attack. The death yak gores you!
* * * LOW HITPOINT WARNING * * *
You block the blink frog's attack.
The blink frog blinks!
The death yak closely misses you. The blink frog closely misses you.
You furiously retaliate!
You headbutt the blink frog!
Your skin crawls.
You feel strong-willed.
The blink frog hits you but does no damage.
You block the death yak's attack.
The blink frog blinks!
You impale the death yak!!
The death yak is heavily wounded.
You block the death yak's attack. You block the blink frog's attack.
The blink frog blinks!
The death yak gores you.
* * * LOW HITPOINT WARNING * * *
You puncture the death yak! You headbutt the death yak!
The death yak is severely wounded.
You block the blink frog's attack. x2; The death yak misses you.
You block the blink frog's attack.
You barely miss the death yak. You headbutt the death yak!
The death yak is almost dead.
You block the blink frog's attack. The blink frog hits you.
* * * LOW HITPOINT WARNING * * *
You block the death yak's attack. The blink frog completely misses you.
You furiously retaliate!
You headbutt the blink frog. You hit the death yak. You headbutt the death yak.
The death yak is almost dead.
You block the blink frog's attack. The blink frog hits you.
* * * LOW HITPOINT WARNING * * *
The blink frog blinks!
The death yak gores you!!
You die...

.#####....# ......... .
..P..... §F..... . ###
#....### .. .. #...#.###
#..... .
###P§F#.⌠.#..#.#...##
#...@#Y..............
.......#YYDF......⌠..Y..
.......##YDF..........#.
......P ##Y⌠.#..##. ##
...#P## ###..##... # .#
## #..# F+ ### . .


You could see 2 death yaks, 2 six-headed hydras, 2 elephants, 2 cane toads and 2
blink frogs.

Vanquished Creatures
  Gastronok (Lair:1)
  2 hydras
  5 two-headed ogres
  A catoblepas (Lair:4)
  2 death yaks (Lair:5)
  A hell hog (Volcano)
  Nergalle (D:10)
  The ghost of howech the Twirler, a novice MiGl (D:6)
  Pikel (D:8)
  An ugly thing (D:11)
  A wolf spider (D:11)
  A salamander (Volcano)
  2 cyclopes (D:11)
  14 elephants
  A manticore (D:11)
  Maurice (D:9)
  Joseph (D:8)
  3 cane toads
  3 black mambas
  2 gargoyles (D:11)
  An unseen horror (D:11)
  Maggie (D:7)
  6 komodo dragons
  2 rime drakes
  2 efreet (D:11)
  A komodo dragon (shapeshifter) (D:11)
  A troll (D:11)
  Grinder (D:5)
  19 blink frogs
  5 dream sheep
  Sigmund (D:5)
  A spriggan (Lair:1)
  A slime creature (Lair:4)
  2 shadows (D:11)
  3 wraiths
  5 wyverns
  4 fire bats
  22 yaks
  Menkaure (D:5)
  2 basilisks (Lair:1)
  Grum (D:8)
  A steam dragon (Lair:3)
  4 vampire mosquitoes (D:10)
  4 nagas (Lair:3)
  An acid dragon (D:11)
  2 hell hounds (Volcano)
  13 water moccasins
  Duvessa (D:7)
  2 ice beasts
  4 orc warriors
  A sky beast (D:8)
  3 ogres
  8 centaurs
  8 wolves
  3 phantoms
  2 lemures (D:8)
  A gnoll sergeant (D:9)
  Blork the orc (D:4)
  14 bullfrogs
  A scorpion (Lair:1)
  8 wights
  Dowan (D:7)
  8 killer bees
  9 howler monkeys
  8 crimson imps (D:7)
  3 hounds
  7 jellies
  7 orc priests
  Crazy Yiuf (D:2)
  2 iguanas
  A sleepcap (D:5)
  13 orc wizards
  A hell rat (Lair:5)
  11 adders
  7 gnolls
  7 river rats
  A shadow imp (D:6)
  A white imp (D:7)
  8 worms
  A dart slug (D:1)
  31 orcs
  11 endoplasms
  A giant cockroach (Sewer)
  3 hobgoblins
  7 jackals
  4 quokkas
  11 ball pythons
  5 bats (D:1)
  11 frilled lizards
  10 goblins
  5 kobolds
  9 rats
414 creatures vanquished.

Vanquished Creatures (collateral kills)
  A death yak (Lair:5)
  A cane toad (Lair:5)
  4 blink frogs
  A water moccasin (Lair:1)
  2 wolves (Lair:1)
  A bullfrog (Lair:1)
10 creatures vanquished.

Vanquished Creatures (others)
  A centaur (Volcano)
  A jelly (shapeshifter) (D:11)
2 creatures vanquished.

Grand Total: 426 creatures vanquished

Notes
Turn   | Place    | Note
-------+----------+-------------------------------------------
     0 | D:1      | Kranky the Minotaur Berserker began the quest for the Orb.
     0 | D:1      | Reached XP level 1. HP: 19/19 MP: 0/0
    81 | D:1      | Reached XP level 2. HP: 27/27 MP: 1/1
   239 | D:1      | Reached ** piety under Trog
   316 | D:1      | Reached XP level 3. HP: 33/33 MP: 2/2
   381 | D:1      | Found a faded altar of an unknown god.
   810 | D:2      | Found Nurot's Antique Weapon Shoppe.
  1034 | D:2      | Found a runed translucent door.
  1035 | D:2      | Noticed Crazy Yiuf
  1045 | D:2      | Killed Crazy Yiuf
  1046 | D:2      | Reached XP level 4. HP: 40/40 MP: 3/3
  1745 | D:3      | Found an iron altar of Okawaru.
  2016 | D:3      | Found the +1 Delatra's gloves {ID++}
  2249 | D:4      | Reached XP level 5. HP: 42/47 MP: 4/4
  2313 | D:4      | Noticed Blork the orc
  2320 | D:4      | Noticed an ogre
  2332 | D:4      | Killed Blork the orc
  2340 | D:4      | Killed an ogre
  2341 | D:4      | Reached skill level 5 in Fighting
  2341 | D:4      | Reached skill level 5 in Polearms
  2341 | D:4      | Reached XP level 6. HP: 25/56 MP: 5/5
  2571 | D:4      | Reached *** piety under Trog
  2746 | D:4      | Found a staircase to the Ecumenical Temple.
  2857 | D:5      | Entered Level 5 of the Dungeon
  2868 | D:5      | Noticed Sigmund
  2886 | D:5      | Killed Sigmund
  2887 | D:5      | Reached skill level 5 in Armour
  2908 | D:5      | Noticed Grinder
  2915 | D:5      | Killed Grinder
  2916 | D:5      | Reached XP level 7. HP: 40/62 MP: 6/6
  3035 | D:5      | Reached skill level 5 in Dodging
  3085 | D:5      | Gained mutation: You possess an exceptional clarity of
                  | mind. [potion of mutation]
  3085 | D:5      | Gained mutation: You are partially covered in iridescent
                  | scales. (AC +2) [potion of mutation]
  3172 | D:5      | Reached XP level 8. HP: 64/71 MP: 7/7
  3539 | D:5      | Found a snail-covered altar of Cheibriados.
  3544 | D:5      | Noticed Menkaure
  3554 | D:5      | Killed Menkaure
  4187 | D:6      | Reached XP level 9. HP: 81/81 MP: 8/8
  4326 | D:6      | Found a glowing drain.
  4335 | Sewer    | Entered a sewer
  4372 | Sewer    | Reached **** piety under Trog
  4479 | Sewer    | Found a viscous altar of Jiyva.
  4628 | D:6      | Found a shadowy altar of Dithmenos.
  5249 | D:6      | Found a runed translucent gate.
  5249 | D:6      | Found a runed translucent gate.
  5249 | D:6      | Found a runed translucent gate.
  5249 | D:6      | Found an opulent altar of Gozag.
  5250 | D:6      | Noticed howech's ghost (novice MiGl)
  5599 | D:6      | Killed howech's ghost
  6001 | D:7      | Noticed Maggie
  6010 | D:7      | Paralysed by Maggie for 4 turns
  6024 | D:7      | Killed Maggie
  6287 | D:7      | Reached XP level 10. HP: 58/91 MP: 9/9
  6523 | D:7      | Noticed Duvessa
  6524 | D:7      | Found a sparkling altar of Nemelex Xobeh.
  6524 | D:7      | Noticed Dowan
  6529 | D:7      | Killed Duvessa
  6532 | D:7      | Killed Dowan
  6532 | D:7      | Reached ***** piety under Trog
  7248 | D:8      | Noticed Pikel
  7266 | D:8      | Killed Pikel
  7314 | D:8      | Noticed Grum
  7317 | D:8      | Reached skill level 10 in Polearms
  7320 | D:8      | Reached skill level 10 in Fighting
  7339 | D:8      | Killed Grum
  7557 | D:8      | Found Muotael's Antique Armour Shoppe.
  7679 | D:8      | Reached skill level 10 in Armour
  7775 | D:8      | Noticed Joseph
  7793 | D:8      | Killed Joseph
  8165 | D:9      | Identified the +3 spear of the Hidden Vale {heavy, Will+}
                  | (Trog gifted it to you on level 9 of the Dungeon)
  8165 | D:9      | Received a gift from Trog
  8200 | D:9      | Reached XP level 11. HP: 99/101 MP: 10/10
  8212 | D:9      | Reached skill level 1 in Evocations
  8455 | D:9      | Found a glowing golden altar of the Shining One.
  8633 | D:9      | Noticed Maurice
  8640 | D:9      | Killed Maurice
  8977 | D:10     | Entered Level 10 of the Dungeon
  9100 | D:10     | Found an ornate altar of the Wu Jian Council.
  9114 | D:10     | Identified the +8 broad axe "Nutemes" {heavy, Str+6 Stlth-}
  9209 | D:10     | Found a hide-covered altar of Uskayaw.
  9278 | D:10     | Reached skill level 10 in Dodging
  9433 | D:10     | Found Kuhuofiri's Antique Armour Shop.
  9505 | D:10     | Found a portal to a secret trove of treasure.
  9510 | D:10     | Noticed a two-headed ogre
  9525 | D:10     | Killed a two-headed ogre
  9834 | D:10     | Noticed Nergalle
  9851 | D:10     | Killed Nergalle
 10252 | D:10     | Bought a heavily runed cloak for 256 gold pieces
 10252 | D:10     | Identified the +0 cloak of Plog {Fly rCorr Int+4 SInv} (You
                  | bought it in a shop on level 10 of the Dungeon)
 10370 | D:11     | Noticed a wolf spider
 10380 | D:11     | Killed a wolf spider
 10582 | D:11     | Noticed an obsidian statue
 10606 | D:11     | Gained mutation: You are vulnerable to heat. (rF-) [a
                  | neqoxec]
 10991 | D:11     | Found a large runed translucent door.
 10991 | D:11     | Found a large runed translucent door.
 11005 | D:11     | Found a large runed translucent door.
 11006 | D:11     | Found a large runed translucent door.
 11071 | D:11     | Found a staircase to the Orcish Mines.
 11153 | D:11     | Noticed a green ugly thing
 11161 | D:11     | Killed a green ugly thing
 11166 | D:11     | Reached XP level 12. HP: 112/112 MP: 11/11
 11314 | D:11     | Noticed a fire dragon
 11406 | D:11     | Noticed an ice dragon
 11637 | D:11     | Noticed a two-headed ogre
 11641 | D:11     | Killed a two-headed ogre
 11642 | D:11     | Reached skill level 5 in Evocations
 11717 | D:11     | Noticed a two-headed ogre
 11722 | D:11     | Killed a two-headed ogre
 11948 | D:11     | Found a staircase to the Lair.
 12316 | Lair:1   | Entered Level 1 of the Lair of Beasts
 12386 | Lair:1   | Received a gift from Trog
 12685 | Lair:1   | Found a dark tunnel.
 12700 | Lair:1   | Lost mutation: You are vulnerable to heat. (rF-) [potion of
                  | mutation]
 12700 | Lair:1   | Lost mutation: You possess an exceptional clarity of mind.
                  | [potion of mutation]
 12700 | Lair:1   | Lost mutation: You are partially covered in iridescent
                  | scales. (AC +2) [potion of mutation]
 12700 | Lair:1   | Gained mutation: You possess an exceptional clarity of
                  | mind. [potion of mutation]
 12700 | Lair:1   | Gained mutation: You expend magic power (3 MP) to
                  | strengthen your wands. [potion of mutation]
 12700 | Lair:1   | Gained mutation: You are resistant to electric shocks.
                  | (rElec) [potion of mutation]
 12700 | Lair:1   | Gained mutation: You are somewhat resistant to further
                  | mutation. [potion of mutation]
 12702 | Volcano  | Entered a volcano
 12781 | Volcano  | Noticed a hell hog
 12792 | Volcano  | Killed a hell hog
 12797 | Volcano  | Identified the +1 helmet of Spring {rN+}
 12802 | Volcano  | Noticed a two-headed ogre
 12804 | Volcano  | Noticed a two-headed ogre
 12811 | Volcano  | Killed a two-headed ogre
 12817 | Volcano  | Killed a two-headed ogre
 13699 | Lair:1   | Noticed Gastronok
 13715 | Lair:1   | Killed Gastronok
 13936 | Lair:2   | Found a staircase to the Swamp.
 14150 | Lair:2   | Reached skill level 1 in Shields
 14150 | Lair:2   | Reached XP level 13. HP: 122/122 MP: 12/12
 14864 | Lair:3   | Found a staircase to the Snake Pit.
 14998 | Lair:3   | Identified the +2 leather armour of the Gastropod {rF+}
 15855 | Lair:4   | Received a gift from Trog
 16367 | Lair:4   | Reached skill level 5 in Shields
 16821 | Lair:4   | Found a viscous altar of Jiyva.
 16832 | Lair:4   | Found a staircase to the Slime Pits.
 17066 | Slime:1  | Entered Level 1 of the Pits of Slime
 17066 | Slime:1  | Noticed an azure jelly
 17091 | Lair:5   | Entered Level 5 of the Lair of Beasts
 17091 | Lair:5   | Noticed Snorg
 17193 | Lair:5   | HP: 8/187 [death yak (16)]
 17208 | Lair:5   | HP: 6/125 [blink frog (5)]
 17209 | Lair:5   | Demolished by a death yak

Illustrated notes

Levels and vault maps discovered:
D:1:      denvon_arrival_waterhouse, layout_loops_cross,
          chequers_ecumenical_altar_simple, hex_large, minmay_tromino_v4_a
D:2:      layout_basic, serial_shops, shop, uniq_crazy_yiuf_cottage
D:3:      layout_basic, hellmonk_okawaru_the_only_friend_you_need,
          pf_guarded_unrand_delatra
D:4:      minmay_wonky_spiral, layout_rooms, minmay_temple_entry_trees,
          uniq_blork_the_orc
D:5:      minmay_general_purpose_star, layout_loops_corners,
          lemuel_doored_altar, dk_noncrumbling_3, minmay_large_rounded_square,
          uniq_grinder, uniq_sigmund, uniq_menkaure
D:6:      layout_loops_corners, nicolae_dithmenos_through_a_glass_darkly,
          lightli_sewer_entry_pipes, ebering_ghost_gozag
D:7:      layout_basic, nemelex_spade_bored_becter, minmay_nine_imps,
          uniq_duvessa, uniq_maggie
D:8:      layout_basic, serial_shops, nicolae_shop_dealshenge, uniq_pikel,
          uniq_joseph, uniq_grum
D:9:      layout_long_grid, tso_altar, uniq_maurice
D:10:     layout_basic, mainiacjoe_overflow_alcove_1, lemuel_crystal_altar,
          serial_shops, nicolae_shop_back_alley_shop, enter_trove_1,
          nicolae_benzene_ring, uniq_nergalle
D:11:     minmay_statue_hallways, layout_loops_cross, lair_entry_dummy,
          orc_0_dummy, st_stairs_11, minmay_hedge_maze,
          chequers_serial_rivers_micro_a, minmay_hollow_rounded_squares
Lair:1:   wad_woods_04, layout_regular_city, nicolae_volcano_entry_batcave,
          eino_small_chamber_without_monster, serial_bayou_shore_b,
          uniq_gastronok
Lair:2:   layout_long_grid, swamp_mist_pool
Lair:3:   layout_long_grid, minmay_snake_entry_guardpost_small, st_stairs_10
Lair:4:   layout_regular_city, nicolae_slime_entry_field_trip
Lair:5:   wormcave, layout_layer_cave, hangedman_lair_caniforms_friends,
          chequers_serial_rivers_small_a, cheibrodos_lair_lostbears,
          grunt_megastairs_1, lemuel_fruit_tree, uniq_snorg
Slime:1:  layout_caves

Skill      XL: |  1  2  3  4  5  6  7  8  9 10 11 12 13 |
---------------+----------------------------------------+-----
Armour         | 3 4 5 6 7 9 10 11 13 14 | 14.4
Polearms       | 4 5 6 7 9 10 12 13 14 | 14.6
Fighting       | 4 5 6 7 9 10 12 13 14 | 14.6
Dodging        | 3 4 5 6 8 9 10 | 10.0
Evocations     | 4 6 8 |  8.0
Shields        | 1 5 |  5.7

Action                     |  1- 3 |  4- 6 |  7- 9 | 10-12 | 13-15 || total
---------------------------+-------+-------+-------+-------+-------++-------
  Melee: Spear             |   100 |   156 |       |   437 |   313 ||  1006
         Headbutt          |    14 |    20 |    49 |   130 |    83 ||   296
         Halberd           |       |     5 |   307 |   226 |       ||   538
         Punch             |       |       |       |     8 |       ||     8
 Invoke: Berserk           |       |       |     2 |     1 |     1 ||     4
         Brothers in Arms  |       |       |       |     2 |     3 ||     5
         Trog's Hand       |       |       |       |     1 |     2 ||     3
    Use: Potion            |       |       |     2 |     6 |     1 ||     9
         Scroll            |       |       |     1 |     4 |       ||     5
 Armour: Scale mail        |    21 |     2 |       |       |       ||    23
         Plate armour      |       |    47 |   128 |   272 |       ||   447
         Ring mail         |       |       |       |     4 |    84 ||    88
  Dodge: Dodged            |    29 |    20 |    75 |   213 |   110 ||   447
  Block: Other             |     2 |    16 |    62 |   121 |       ||   201
         Reflection        |       |     3 |     3 |     6 |     1 ||    13
         Tower shield      |       |       |       |    10 |   275 ||   285
